AoeStats
← 刘宇航

Arena

507248499Analyzed
2v2 RM · 13d ago on Sep 17, 2026· 45m 18s· 4 players
Game mode
Random Map
Map size
Medium (4 player)
Population
200
Speed
Normal
Resources
Standard
Victory
Conquest
Starting age
Dark Age
Ending age
Imperial Age
RankedLock teamsTeams togetherTeam positionsShared explorationLock speedFull tech treeHidden civsTurbo modeCheats
Victory
Defeat
707
+14
🇪🇸 Bohemians · Spain
707
+14
🇨🇳 Huns · China
694
-16
🇨🇳 Hindustanis · China
612
-12
刘宇航
11:24 Feudal Age
13:08 Double-Bit Axe
18:03 Castle Age
16:59 Gold Mining
17:00 Stone Mining
17:06 Stone Mining
17:49 Horse Collar
22:53 Heavy Plow
24:22 Bow Saw
26:26 Gold Shaft Mining
27:58 Grand Trunk Road
31:52 Imperial Age
29:39 Loom
30:30 Wheelbarrow
31:12 Bloodlines
31:03 Husbandry
32:49 Hand Cart
33:17 Conscription
32:18 Elite Ghulam
33:49 Heavy Camel Rider
35:42 Squires
35:03 Pikeman
35:50 Imperial Camel Rider
37:35 Scale Barding Armor
37:40 Forging
37:31 Scale Mail Armor
37:43 Squires
1765391552
12:32 Feudal Age
16:27 Castle Age
34:24 Imperial Age
33:07 Scale Barding Armor
33:02 Scale Mail Armor
33:13 Forging
33:08 Husbandry
33:38 Arson
33:53 Squires
33:14 Pikeman
34:04 Loom
34:55 Wheelbarrow
34:07 Town Watch
34:47 Double-Bit Axe
34:56 Gold Mining
34:57 Stone Mining
35:41 Chain Barding Armor
35:17 Halberdier
37:40 Conscription
38:04 Plate Barding Armor
37:45 Chain Mail Armor
38:05 Iron Casting
38:46 Elite Skirmisher
41:02 Cavalier
nilcot2
6:01 Loom
11:36 Feudal Age
15:50 Castle Age
15:01 Double-Bit Axe
15:16 Horse Collar
23:40 Heavy Plow
26:35 Bow Saw
28:56 Pikeman
29:37 Squires
29:22 Arson
32:40 Imperial Age
30:45 Wheelbarrow
29:56 Town Watch
30:32 Wagenburg Tactics
30:35 Scale Mail Armor
30:45 Forging
31:23 Town Patrol
32:57 Hand Cart
32:57 Elite Hussite Wagon
34:45 Chain Mail Armor
34:41 Forging
34:22 Fletching
34:32 Padded Archer Armor
33:56 Halberdier
34:01 Crossbowman
35:48 Chemistry
35:10 Ballistics
35:01 Fortified Wall
35:02 Masonry
34:54 Murder Holes
36:31 Plate Mail Armor
36:54 Houfnice
打到你媽媽認不得你
11:35 Feudal Age
17:09 Castle Age
18:08 Gold Mining
18:08 Stone Mining
18:05 Double-Bit Axe
18:02 Horse Collar
21:36 Wheelbarrow
25:20 Loom
26:31 Hand Cart
27:44 Crossbowman
28:18 Fletching
28:28 Padded Archer Armor
28:39 Forging
28:34 Scale Barding Armor
28:38 Thumb Ring
27:55 Elite Skirmisher
30:27 Town Watch
31:06 Heavy Plow
31:20 Bow Saw
31:47 Gold Shaft Mining
31:47 Stone Shaft Mining
31:23 Squires
31:08 Arson
31:22 Bodkin Arrow
31:42 Leather Archer Armor
31:31 Scale Mail Armor
33:32 Leather Archer Armor
33:53 Iron Casting
35:26 Husbandry
38:16 Imperial Age
37:11 Royal Heirs
37:47 Ballistics
38:16 Chain Mail Armor
38:21 Chain Barding Armor
38:11 Town Patrol
38:38 Cavalier
39:22 Bracer
39:52 Ring Archer Armor
40:23 Blast Furnace
39:53 Plate Mail Armor
39:12 Arbalester
39:48 Capped Ram
42:33 Chemistry
Connection lost

Rejoining the realm…

Still unreachable

The connection could not be restored.

Session expired

The server has moved on; the page needs a fresh start.